Map: Eternal Empire LE

Players

Napalm - Winner!

  • Race: Zerg Zerg
  • League: Master
  • Spawn Location: 1:00

Speakthen

  • Race: Terran Terran
  • League: Grandmaster
  • Spawn Location: 7:00

VOD

Have the link to the VOD?

Description

Time

  • Played on: Aug. 11, 2020, 6:11 a.m.
  • Length: 16:01
Show
View Real Time Build Order
Export as new Build Order

Napalm Zerg - Winner!

Build Orders: Hatch First, Muta Ling Bane 

Get SALT Encoding   

  12  0:00  Drone  
  13  0:12  Overlord  
  13  0:16  Drone  
  14  0:31  Drone x2  
  14  0:34  Drone  
  17  0:54  Hatchery  
  16  1:08  Spawning Pool  
  15  1:12  Extractor  
  15  1:13  Drone  
  15  1:17  Drone  
  16  1:20  Drone  
  16  1:24  Drone  
  18  1:36  Overlord  
  18  1:53  Drone  
  19  1:55  Queen  
  19  1:56  Zergling x2  
  22  2:06  Queen  
  24  2:15  Metabolic Boost  
  24  2:21  Drone x3  
  24  2:22  Drone  
  27  2:39  Extractor  
  26  2:44  Spore Crawler  
  26  2:47  Zergling x8  
  31  2:57  Zergling x4  
  33  3:09  Zergling x6  
  33  3:11  Overlord  
  36  3:32  Zergling x2  
  36  3:33  Zergling x10  
  42  3:37  Hatchery  
  40  3:47  Drone x4  
  43  4:02  Lair, Overlord  
  43  4:15  Overlord  
  43  4:20  Queen  
  43  4:24  Drone x5  
  46  4:43  Drone x7  
  45  4:47  Spore Crawler  
  45  4:48  Spore Crawler  
  42  4:55  Evolution Chamber  
  42  4:56  Evolution Chamber  
  40  5:04  Extractor  
  40  5:05  Drone x4  
  40  5:06  Drone  
  44  5:07  Spore Crawler  
  44  5:08  Extractor  
  44  5:09  Extractor  
  41  5:20  Drone x2  
  41  5:21  Drone, Spire  
  43  5:33  Drone x6  
  47  5:53  Zergling x12  
  47  5:54  Zergling x2  
  47  5:56  Zerg Melee Weapons Level 1  
  54  6:07  Overseer  
  54  6:17  Overlord  
  54  6:23  Drone x2  
  54  6:24  Drone  
  57  6:27  Baneling Nest  
  57  6:32  Mutalisk x4  
  56  6:33  Mutalisk  
  56  6:37  Mutalisk x2  
  70  6:43  Drone x4  
  74  6:52  Zerg Ground Armor Level 1  
  74  6:54  Overseer  
  74  7:06  Drone x3  
  71  7:10  Queen x2  
  72  7:23  Zergling x2  
  72  7:24  Zergling x2  
  72  7:25  Overlord x2  
  72  7:27  Centrifical Hooks  
  74  7:33  Baneling x6  
  74  7:43  Overlord  
  73  7:47  Overlord  
  73  7:48  Zergling x16  
  81  8:04  Zergling x2  
  81  8:05  Zergling x4  
  76  8:29  Zergling x12  
  76  8:30  Zergling x12  
  88  8:38  Baneling x3  
  85  8:48  Zergling x10  
  86  8:51  Baneling x3  
  89  9:01  Zergling x4  
  89  9:02  Zergling x8  
  84  9:30  Zergling x14  
  84  9:31  Zergling x4  
  67  9:38  Drone x2  
  67  9:39  Drone  
  67  9:44  Mutalisk x2  
  74  9:51  Baneling x7  
  74  9:52  Zerg Ground Armor Level 2, Baneling x3, Zerg Melee Weapons Level 2  
  74  9:53  Mutalisk x3  
  74  9:58  Mutalisk  
  82  10:04  Drone x2  
  84  10:07  Extractor, Infestation Pit  
  84  10:08  Extractor  
  84  10:10  Mutalisk x2  
  84  10:13  Zergling x8  
  89  10:15  Hatchery  
  89  10:16  Overseer  
  89  10:19  Mutalisk  
  90  10:29  Overseer x2  
  90  10:31  Drone x4  
  94  10:39  Mutalisk  
  94  10:41  Drone  
  94  10:42  Drone  
  98  10:43  Overlord x2  
  98  10:44  Overlord  
  98  10:50  Overlord  
  98  11:02  Overlord  
  98  11:03  Mutalisk x3  
  104  11:11  Zergling x6  
  104  11:12  Zergling x8  
  111  11:27  Mutalisk x4  
  111  11:28  Mutalisk  
  111  11:32  Drone x4  
  123  11:56  Mutalisk x4  
  123  11:59  Drone x4  
  123  12:00  Drone x6  
  141  12:07  Hive  
  141  12:12  Baneling x5  
  141  12:13  Baneling x2, Zergling x6  
  130  12:30  Zergling x4  
  130  12:31  Zergling x16  
  130  12:36  Zergling x2  
  130  12:37  Zergling x10  
  138  12:38  Zergling x6  
  138  12:54  Overlord x2  
  138  12:55  Zergling x2  
  138  12:56  Zergling x12  
  137  13:20  Zergling x10  
  137  13:21  Zergling x6  
  137  13:24  Drone x3  
  137  13:25  Drone x2, Ultralisk Cavern  
  137  13:26  Extractor  
  148  13:28  Extractor  
  148  13:29  Spore Crawler  
  148  13:30  Spore Crawler  
  148  13:31  Spine Crawler  
  148  13:33  Baneling x4  
  144  13:34  Baneling x4  
  144  13:35  Baneling x3  
  144  13:38  Overlord  
  144  13:43  Overlord  
  144  13:51  Adrenal Glands  
  142  14:10  Baneling x5  
  142  14:14  Ultralisk x3  
  142  14:15  Chitinous Plating  
  160  14:25  Ultralisk  
  160  14:29  Pneumatized Carapace  
  166  14:42  Ultralisk  
  168  14:48  Overseer  
  168  14:50  Overseer  
  167  15:02  Overlord  
  167  15:08  Overlord  
  167  15:11  Overlord x2  
Show
View Real Time Build Order
Export as new Build Order

Speakthen Terran 

Build Orders: Reaper Expand, Hellion Banshee 

Get SALT Encoding   

  12  0:00  SCV  
  13  0:12  SCV  
  14  0:17  Supply Depot  
  14  0:24  SCV  
  15  0:38  SCV  
  15  0:41  Barracks  
  16  0:44  Refinery  
  16  0:50  SCV  
  17  1:03  SCV  
  18  1:15  SCV  
  19  1:28  Reaper, Orbital Command  
  20  1:41  Command Center  
  20  1:50  Supply Depot  
  21  1:54  SCV  
  21  2:00  Marine  
  22  2:06  SCV  
  23  2:14  Factory  
  23  2:18  SCV  
  23  2:21  Marine  
  25  2:26  Refinery  
  25  2:30  SCV  
  26  2:42  SCV  
  27  2:44  Barracks Reactor  
  27  2:54  Orbital Command  
  27  2:57  SCV  
  28  3:02  Command Center  
  28  3:09  SCV  
  29  3:13  Starport  
  29  3:24  SCV x2  
  31  3:29  Refinery  
  31  3:31  Hellion, Barracks Tech Lab  
  33  3:39  SCV x2  
  34  3:51  SCV  
  34  3:54  Hellion x2  
  37  3:58  Orbital Command  
  36  4:06  Banshee, Cloaking Field  
  38  4:15  Hellion, Orbital Command  
  38  4:16  Hellion  
  42  4:23  SCV  
  43  4:26  SCV  
  44  4:35  SCV  
  44  4:38  Hellion x2, SCV  
  39  4:53  SCV x2  
  41  5:04  SCV  
  42  5:08  Banshee  
  42  5:11  SCV x2  
  47  5:21  SCV  
  48  5:23  SCV  
  48  5:26  SCV  
  48  5:27  Barracks Tech Lab  
  50  5:33  SCV  
  51  5:35  SCV  
  51  5:38  SCV  
  51  5:40  Barracks  
  53  5:43  Barracks  
  53  5:44  Factory Reactor  
  53  5:46  Stimpack  
  53  5:49  SCV  
  54  5:50  SCV  
  54  5:51  SCV  
  56  6:01  SCV, Marine, Starport Reactor  
  56  6:02  SCV  
  56  6:03  Supply Depot, SCV  
  60  6:12  Engineering Bay  
  60  6:14  Engineering Bay  
  61  6:21  Orbital Command  
  61  6:22  Marine  
  61  6:24  SCV  
  62  6:29  Supply Depot  
  62  6:30  Marine x2  
  64  6:34  Factory Reactor  
  64  6:35  Barracks, SCV  
  64  6:36  SCV  
  64  6:37  Marine x2  
  64  6:38  Barracks  
  68  6:44  Missile Turret  
  68  6:46  Missile Turret, Terran Infantry Weapons Level 1  
  68  6:51  Medivac x2  
  68  6:52  Marine x2  
  74  6:55  Missile Turret, SCV  
  74  6:56  SCV  
  74  7:01  SCV  
  77  7:16  SCV, Marine x2  
  77  7:20  SCV x2, Marine  
  77  7:36  Barracks Reactor x2  
  77  7:37  Refinery  
  77  7:40  Marine x2  
  77  7:41  Marine x2  
  77  7:43  Medivac  
  77  7:46  SCV x2, Medivac  
  77  7:50  Supply Depot  
  77  7:51  Supply Depot  
  77  7:54  Marine  
  77  7:55  SCV  
  77  7:56  Widow Mine, Armory  
  77  7:57  Widow Mine  
  83  7:58  Combat Shield  
  83  8:01  Marine  
  83  8:05  Factory  
  84  8:08  SCV  
  84  8:11  SCV x2  
  87  8:13  Marine  
  87  8:14  Marine x4  
  85  8:25  Marine x2  
  85  8:26  Marine x2  
  77  8:31  Marine x4  
  81  8:34  Marine  
  82  8:45  Marine  
  82  8:46  Marine x3  
  85  8:49  Marine x4  
  85  8:52  Marine  
  88  9:03  Marine  
  88  9:04  Marine x3  
  88  9:07  Marine x4  
  88  9:09  Marine  
  84  9:21  Marine  
  84  9:22  Marine x3  
  68  9:24  Marine  
  68  9:25  Marine x3  
  68  9:27  Marine  
  69  9:31  Engineering Bay  
  69  9:38  Orbital Command  
  69  9:41  Marine  
  69  9:42  Engineering Bay, Marine x4  
  74  9:46  Widow Mine  
  76  9:54  SCV x2  
  78  10:06  SCV x2  
  80  10:07  Terran Vehicle And Ship Armor Level 1  
  80  10:08  Terran Infantry Weapons Level 2  
  80  10:09  Terran Infantry Armor Level 1  
  82  10:14  Widow Mine  
  82  10:15  Missile Turret  
  82  10:18  SCV x2  
  84  10:21  SCV  
  85  10:30  Widow Mine, SCV x2  
  85  10:33  SCV  
  90  10:42  SCV  
  90  10:43  SCV  
  90  10:45  SCV  
  93  10:52  Marine  
  93  10:53  Marine x7  
  93  10:55  Supply Depot  
  101  11:01  Supply Depot  
  101  11:03  Supply Depot x2, SCV x3, Marine  
  101  11:04  Widow Mine x2  
  109  11:05  Supply Depot  
  109  11:09  Supply Depot  
  109  11:16  Medivac, Marine x5  
  109  11:17  SCV  
  117  11:21  Marine  
  117  11:23  Medivac  
  119  11:29  Refinery, SCV x2  
  119  11:30  Refinery  
  120  11:32  Factory  
  120  11:38  SCV  
  121  11:40  Missile Turret  
  121  11:41  SCV  
  121  11:48  Marine  
  121  11:49  Marine x6  
  119  11:57  Widow Mine  
  119  11:58  Widow Mine  
  123  12:04  Marine x2  
  123  12:06  Marine x2  
  123  12:07  Marine x3  
  123  12:08  Marine x2  
  97  12:37  Marine  
  97  12:38  Marine x8  
  97  12:39  Widow Mine x2, Factory Tech Lab  
  106  12:48  Command Center  
  106  12:55  Marine  
  107  13:00  Marine  
  107  13:01  Marine x7  
  107  13:02  Widow Mine  
  104  13:09  Widow Mine  
  90  13:13  Marine  
  90  13:18  Marine  
  90  13:19  Widow Mine, Medivac, Marine x5  
  99  13:20  Medivac  
  99  13:23  Widow Mine  
  103  13:31  Terran Infantry Armor Level 2  
  103  13:37  Missile Turret  
  105  13:41  Widow Mine  
  105  13:42  Widow Mine  
  105  13:47  Widow Mine  
  105  13:48  Marine x2  
  109  13:49  Medivac, Marine  
  110  13:59  Missile Turret  
  106  14:07  Marine  
  106  14:08  Marine x8  
  115  14:12  Missile Turret  
  115  14:17  Missile Turret  
  115  14:20  SCV x3  
  118  14:25  Marine  
  118  14:30  Planetary Fortress  
  119  14:32  SCV  
  119  14:33  SCV x2  
  122  14:44  SCV, Marine  
  122  14:45  SCV x2, Marine x8  
  129  14:46  Widow Mine x2  
  129  14:52  Widow Mine  
  138  15:02  Marine  
  138  15:03  Marine x2  
  138  15:04  Marine x6  
  147  15:07  Widow Mine x2  
  151  15:17  Widow Mine  
  151  15:18  Medivac x2  
  151  15:20  Marine  
  155  15:22  SCV  
  140  15:36  Command Center  
  140  15:38  Missile Turret  
  140  15:40  Marine x5  
  140  15:41  Marine x2  
Tags
 
Add a new tag
Caveats
  • Supply blocks, unpowered buildings, or Contaminate may cause inaccurate times.
  • Supply counts are checked every 10 seconds.